 Dungeon Crawl Stone Soup version 0.31-a0-638-g26219f789d (webtiles) character file.

Game seed: 13793151606532791

19201 Conn the Thaumaturge (level 12, -4/68 HPs)
             Began as an Octopode Fire Elementalist on Aug 27, 2023.
             Was an Elder of Kikubaaqudgha.
             Slain by a skyshark (25 damage)
             ... on level 2 of the Lair of Beasts.
             The game lasted 00:59:42 (14333 turns).

Conn the Thaumaturge (Octopode Fire Elementalist)  Turns: 14333, Time: 00:59:43

Health: -4/68      AC:  5    Str:  7    XL:     12   Next: 66%
Magic:  20/27      EV: 13    Int: 34    God:    Kikubaaqudgha [****..]
Gold:   1535       SH:  8    Dex: 13    Spells: 3/33 levels left

rFire   + + .        H - staff of the Beginning {rElec rF+ Will+ Fire}
rCold   . . .        e - +3 buckler
rNeg    . . .        (helmet restricted)
rPois   .            L - amulet of magic regeneration
rElec   +            b - +6 ring of intelligence
rCorr   .            h - +4 ring of protection
SInv    +            r - ring of see invisible
Will    +....        F - ring of wizardry
Stlth   ++++         G - ring of protection from fire
HPRegen 0.31/turn    N - +6 ring of intelligence
MPRegen 0.60/turn    (no ring)
                     (no ring)

%: wizardry (x1)
@: no status effects
A: almost no armour, amphibious, 8 rings, camouflage 1, gelatinous body 1,
(nimble swimmer 1), tentacles
a: Renounce Religion, Unearth Wretches


You were on level 2 of the Lair of Beasts.
You worshipped Kikubaaqudgha.
Kikubaaqudgha was greatly pleased with you.
You visited 3 branches of the dungeon, and saw 12 of its levels.
You also visited: Ossuary and Bailey.

You collected 1535 gold pieces.

Inventory:

Hand Weapons
 c - a +0 short sword
 f - a +0 long sword of electrocution
 w - a +0 orcbow
 x - a +5 dagger of draining
 A - the +2 spear of Defoequh {venom, rPois rC+ Str+4 Int-3}
   (You found it on level 5 of the Dungeon)

   Str+4:     It affects your strength (+4).
   Int-3:     It affects your intelligence (-3).
   rC+:       It protects you from cold.
   rPois:     It protects you from poison
Armour
 e - a +3 buckler (worn)
Magical Staves
 H - the staff of the Beginning (weapon) {rElec rF+ Will+ Fire}
   (You acquired it in a bailey)

   [staff of fire]

   Base accuracy: +5 Base damage: 5 Base attack delay: 1.2 This weapon's minimum
   attack delay (0.6) is reached at skill level 12.
   rF+:       It protects you from fire.
   rElec:     It insulates you from electricity.
   Will+:     It increases your willpower.
   Fire:      It increases the power of your Fire spells.
   It falls into the 'Staves' category.
   It is a one-tentacled weapon.
Jewellery
 b - a +6 ring of intelligence (left tentacle)
 h - a +4 ring of protection (right tentacle)
 r - a ring of see invisible (on tentacle)
 F - a ring of wizardry (on tentacle)
 G - a ring of protection from fire (on tentacle)
 L - an amulet of magic regeneration (around mantle)
 N - a +6 ring of intelligence (on tentacle)
Wands
 l - a wand of digging (7)
 s - a wand of mindburst (3)
 u - a wand of polymorph (20)
 z - a wand of flame (79)
 Q - a wand of paralysis (5)
 S - a wand of iceblast (5)
Scrolls
 d - a scroll of enchant armour
 g - 3 scrolls of fog
 i - 9 scrolls of teleportation
 m - a scroll of torment
 v - 2 scrolls of amnesia
 y - 2 scrolls of enchant weapon
 C - 2 scrolls of blinking
 J - a scroll of silence
 K - 2 scrolls of immolation
 R - a scroll of vulnerability
Potions
 a - a potion of cancellation
 j - 5 potions of heal wounds
 k - 4 potions of haste
 n - 3 potions of curing
 o - 2 potions of invisibility
 p - 4 potions of brilliance {unknown}
 q - a potion of degeneration {unknown}
 B - 3 potions of enlightenment {unknown}
 D - 3 potions of might {unknown}
 E - 2 potions of mutation {unknown}
 M - a potion of resistance {unknown}
 O - a potion of lignification {unknown}
 P - a potion of attraction
Miscellaneous
 I - a tin of tremorstones (2/2)


   Skills:
 + Level 1.1 Fighting
 + Level 0.3 Long Blades
 + Level 1.4 Polearms
 + Level 2.7 Dodging
 + Level 5.0 Stealth
 * Level 6.9 Shields
 * Level 11.3 Spellcasting
 * Level 6.8 Conjurations
 + Level 1.9 Hexes
 * Level 5.4 Summonings
 * Level 6.8 Necromancy
 * Level 8.2 Fire Magic
 - Level 5.0 Air Magic
 + Level 0.8 Poison Magic


You had 3 spell levels left.
You knew the following spells:

 Your Spells              Type           Power      Damage    Failure   Level
a - Foxfire               Conj/Fire      100%       2x1d9     1%          1
b - Scorch                Fire           100%       2d9       1%          2
c - Inner Flame           Hex/Fire       69%        N/A       1%          3
d - Flame Wave            Conj/Fire      81%        2d18      1%          4
e - Summon Small Mammal   Summ           100%       N/A       1%          1
f - Call Canine Familiar  Summ           54%        N/A       1%          3
g - Mephitic Cloud        Conj/Pois/Air  48%        N/A       1%          3
h - Summon Guardian Gole  Hex/Summ       44%        N/A       1%          3
i - Dispel Undead         Necr           60%        3d21      1%          4
j - Starburst             Conj/Fire      40%        6d12      10%         6

Your spell library contained the following spells:

 Spells                   Type           Power      Damage    Failure   Level
 Kiss of Death            Conj/Necr      100%       2d13      1%          1
 Necrotise                Necr           100%       1d9       1%          1
 Cigotuvi's Dreadful Rot  Necr/Pois/Air  96%        N/A       1%          2
 Poisonous Vapours        Pois/Air       78%        N/A       1%          2
 Sublimation of Blood     Necr           60%        N/A       1%          2
 Wereblood                Tmut           19%        N/A       1%          2
 Dazzling Flash           Conj/Hex       98%        N/A       1%          3
 Vampiric Draining        Necr           60%        2d10      1%          3
 Volatile Blastmotes      Fire/Tloc      100%       2d18      1%          3
 Agony                    Necr           60%        N/A       2%          5
 Freezing Cloud           Conj/Ice/Air   23%        6-21      8%          5
 Borgnjor's Vile Clutch   Necr/Erth      21%        N/A       10%         5
 Simulacrum               Ice/Necr       21%        N/A       45%         6
 Summon Hydra             Summ           27%        N/A       73%         7
 Maxwell's Capacitive Co  Air            26%        ∞         100%        8


Dungeon Overview and Level Annotations

Branches:
Dungeon (9/15)             Temple (1/1) D:6            Lair (2/5) D:9
Ossuary (visited)          Bailey (visited)
  Swamp: Lair:2-3    Shoals: Lair:2-3     Snake: Lair:2-3    Spider: Lair:2-3
    Orc: D:9-12

Altars:
Ashenzari
Cheibriados
Dithmenos
Elyvilon
Fedhas
Gozag
Hepliaklqana
Kikubaaqudgha
Makhleb
Nemelex Xobeh
Okawaru
Qazlal
Ru
Sif Muna
Trog
Uskayaw
Vehumet
Wu Jian
Xom
Yredelemnul
Zin
The Shining One

Shops:
D:4 [   D:5 (


Innate Abilities, Weirdness & Mutations

You cannot wear most types of armour.
You are amphibious.
You can wear up to eight rings at the same time.
Your skin changes colour to match your surroundings (Stealth+).
Your rubbery body absorbs attacks. (AC +1, EV +1)
((You are camouflaged when in or above water. (Stealth+)))
You have tentacles for arms and can constrict up to eight enemies at once.


Message History

You feel a surge of power!
The bolt of fire misses the skyshark.
The skyshark bites you!
The skyshark enters a blood-rage!
The skyshark tail-slaps you! The skyshark completely misses you.
The four-headed hydra bites your guardian golem!
Your guardian golem disappears in a puff of smoke!
Your guardian golem explodes!
The fiery explosion engulfs the four-headed hydra!!!
The fiery explosion engulfs the skyshark!!
Unknown command.
Unknown command.
Unknown command.
Unknown command.
Unknown command.
Okay, then.
Unknown command.
Unknown command.
Casting: Starburst (quite dangerous; 10% risk of failure)
Confirm with . or Enter, or press ? or * to list all spells.
Okay, then.
Unknown command.
Unknown command.
Casting: Starburst (quite dangerous; 10% risk of failure)
Confirm with . or Enter, or press ? or * to list all spells.
Okay, then.
Unknown command.
Casting: Starburst (quite dangerous; 10% risk of failure)
Confirm with . or Enter, or press ? or * to list all spells.
Okay, then.
Unknown command.
As you read the scroll of fear, it crumbles to dust.
You assume a fearsome visage.
The four-headed hydra looks frightened!
The skyshark is unaffected.
The skyshark is engulfed in blazing flames.
The skyshark bites you!!
The skyshark tail-slaps you but does no damage.
The skyshark barely misses you.
The skyshark is engulfed in blazing flames.
The skyshark bites you!!
You die...
Kikubaaqudgha rasps: "You have failed me!
Welcome... death!"

###.#### ....... .. .......
.#### .#..(..#######
...#.###..#.#.#.....# .
.#.##..##.#.#.#D###.# ..
)..#...##(#...§§#(+.# ...
....##.##...#.#l###.# ....
.#.#.#..#.#.#.#.@...# .....
.#..#.....#.#.#######......
.#..##...#.#....[.....Y....
#.#..#..#§#..####.#.#....P#
#..###.#.#...# #.#.## .#.##
..#####.#.#####...... #
#.###.#.#.#.##...####.
##[#..##.##..#### .#
........#.#.#... #


You could see a skyshark (berserk) and a four-headed hydra (fleeing).

Vanquished Creatures
  An orc warlord (Bailey)
  A hydra (Lair:2)
  A two-headed ogre (D:9)
  3 death yaks (Lair:1)
  An orc knight (Bailey)
  4 elephants (Lair:2)
  A black mamba (Lair:2)
  A torpor snail (Lair:2)
  2 cane toads (Lair:2)
  A rime drake (Lair:1)
  Psyche (D:9)
  4 komodo dragons
  A polar bear (Lair:2)
  A hornet (Lair:1)
  Prince Ribbit (D:6)
  A blink frog (Lair:2)
  3 wyverns
  3 basilisks
  8 yaks
  Menkaure (D:4)
  3 steam dragons
  4 water moccasins
  Duvessa (D:7)
  3 sky beasts
  An ice beast (D:6)
  A black bear (D:6)
  9 orc warriors
  7 centaurs
  9 wolves
  A phantom (D:6)
  5 bullfrogs
  2 scorpions
  A necrophage (D:8)
  14 wights
  Dowan (D:7)
  5 killer bees (D:7)
  An electric eel (D:8)
  A howler monkey (D:9)
  A hound (D:5)
  6 centaur zombies
  2 jellies (D:6)
  3 orc priests
  A human zombie (D:8)
  Crazy Yiuf (D:4)
  2 sleepcaps
  Jessica (D:2)
  2 iguanas
  7 orc wizards
  2 killer bee zombies (D:8)
  9 mummies
  3 gnolls
  10 adders
  A shadow imp (D:8)
  A white imp (D:6)
  An ufetubus (D:6)
  2 worms (D:2)
  2 dart slugs
  25 orcs
  5 endoplasms
  5 giant cockroaches
  16 goblins
  6 hobgoblins
  7 jackals
  A quokka (D:3)
  5 ball pythons
  10 bats
  5 frilled lizards
  2 hobgoblin zombies (Ossuary)
  19 kobolds
  3 rats
275 creatures vanquished.

Vanquished Creatures (others)
  The ghost of paps the Fighter, a journeyman DsGl of Gozag (Lair:1)
  A hydra (Lair:2)
  An elephant (Lair:2)
  2 yaks (D:8)
  A wyvern (D:9)
  A wight (D:8)
  A killer bee (D:7)
  A ball python (D:9)
  A goblin (D:9)
  746 foxfires
756 creatures vanquished.

Grand Total: 1031 creatures vanquished

Notes
Turn   | Place    | Note
-------+----------+-------------------------------------------
     0 | D:1      | Conn the Octopode Fire Elementalist began the quest for the
                  | Orb.
     0 | D:1      | Reached XP level 1. HP: 11/11 MP: 3/3
   163 | D:1      | Reached XP level 2. HP: 17/17 MP: 0/5
   246 | D:1      | Learned a level 2 spell: Scorch
   299 | D:1      | Reached XP level 3. HP: 21/21 MP: 1/6
   451 | D:1      | Learned a level 3 spell: Inner Flame
  1614 | D:2      | Reached XP level 4. HP: 27/27 MP: 7/7
  1936 | D:2      | Found a faded altar of an unknown god.
  1942 | D:2      | Prayed at the altar of an unknown god.
  1942 | D:2      | Became a worshipper of Kikubaaqudgha
  1942 | D:2      | Reached * piety under Kikubaaqudgha
  1942 | D:2      | Received a gift from Kikubaaqudgha
  2211 | D:2      | Noticed Jessica
  2218 | D:2      | Killed Jessica
  2219 | D:2      | Reached skill level 3 in Spellcasting
  2449 | D:3      | Reached XP level 5. HP: 31/31 MP: 4/9
  2767 | D:3      | Reached skill level 1 in Shields
  3468 | D:4      | Reached XP level 6. HP: 36/36 MP: 2/11
  3668 | D:4      | Noticed Menkaure
  3677 | D:4      | Killed Menkaure
  3678 | D:4      | Reached skill level 4 in Spellcasting
  3678 | D:4      | Reached skill level 1 in Necromancy
  3785 | D:4      | Found a runed translucent door.
  3786 | D:4      | Noticed Crazy Yiuf
  3814 | D:4      | Found Ydeoceru's Antique Armour Emporium.
  4376 | D:4      | Found a basalt altar of Yredelemnul.
  4566 | D:4      | Killed Crazy Yiuf
  4672 | D:5      | Entered Level 5 of the Dungeon
  4672 | D:5      | Found Wimak's Weapon Shoppe.
  4678 | D:5      | Reached XP level 7. HP: 32/41 MP: 13/13
  4932 | D:5      | Reached ** piety under Kikubaaqudgha
  5049 | D:5      | Found a shimmering altar of Xom.
  5065 | D:5      | Learned a level 4 spell: Flame Wave
  5067 | D:5      | Learned a level 1 spell: Summon Small Mammal
  5071 | D:5      | Learned a level 3 spell: Call Canine Familiar
  5329 | D:5      | Found a glowing silver altar of Zin.
  5329 | D:5      | Found a blossoming altar of Fedhas.
  5389 | D:5      | Found a bloodstained altar of Trog.
  5532 | D:5      | Identified the +2 spear of Defoequh {venom, rPois rC+ Str+4
                  | Int-3}
  5608 | D:6      | Noticed Prince Ribbit
  5612 | D:6      | Reached skill level 5 in Spellcasting
  5736 | D:6      | Found a sand-covered staircase.
  5741 | Ossuary  | Entered an ossuary
  5809 | Ossuary  | Reached XP level 8. HP: 36/46 MP: 11/15
  6237 | D:6      | Killed Prince Ribbit
  6238 | D:6      | Reached skill level 6 in Spellcasting
  6263 | D:6      | Reached skill level 5 in Fire Magic
  6379 | D:5      | Learned a level 3 spell: Mephitic Cloud
  6453 | D:6      | Reached XP level 9. HP: 52/52 MP: 11/18
  6569 | D:6      | Reached skill level 1 in Air Magic
  6701 | D:6      | Learned a level 3 spell: Summon Guardian Golem
  6714 | D:6      | Reached skill level 1 in Summonings
  6800 | D:6      | Found a staircase to the Ecumenical Temple.
  6809 | Temple   | Entered the Ecumenical Temple
  7048 | D:7      | Noticed Duvessa
  7053 | D:7      | Noticed Dowan
  7067 | D:7      | Killed Duvessa
  7202 | D:7      | Killed Dowan
  7325 | D:7      | Reached skill level 7 in Spellcasting
  7418 | D:7      | You fall into a shaft and drop 2 floors!
  7512 | D:9      | Noticed a two-headed ogre
  7617 | D:7      | Found a flagged portal.
  7628 | D:7      | Reached skill level 1 in Polearms
  7640 | Bailey   | Entered a bailey
  7695 | Bailey   | Reached *** piety under Kikubaaqudgha
  7695 | Bailey   | Received a gift from Kikubaaqudgha
  8100 | Bailey   | Noticed an orc warlord
  8201 | Bailey   | Noticed an orc knight
  8254 | Bailey   | Killed an orc knight
  8255 | Bailey   | Reached skill level 8 in Spellcasting
  8255 | Bailey   | Reached skill level 5 in Conjurations
  8255 | Bailey   | Reached XP level 10. HP: 57/57 MP: 11/22
  8357 | Bailey   | Found a runed translucent gate.
  8359 | Bailey   | Found a runed translucent gate.
  8360 | Bailey   | Found a runed translucent gate.
  9013 | Bailey   | Killed an orc warlord
  9166 | Bailey   | Acquired the staff of the Beginning {rElec rF+ Will+ Fire}
  9271 | D:7      | Found a radiant altar of Vehumet.
  9856 | D:8      | Reached skill level 9 in Spellcasting
  9903 | D:8      | Reached skill level 5 in Shields
 10066 | D:8      | Reached skill level 5 in Necromancy
 10227 | D:8      | Learned a level 4 spell: Dispel Undead
 10395 | D:8      | Acquired a book of Spectacle
 10495 | D:8      | Reached XP level 11. HP: 62/62 MP: 21/24
 10680 | D:8      | Reached **** piety under Kikubaaqudgha
 10770 | D:8      | Found an ancient bone altar of Kikubaaqudgha.
 10921 | D:9      | Killed a two-headed ogre
 11302 | D:9      | Reached skill level 5 in Stealth
 11408 | D:9      | Found a staircase to the Lair.
 11438 | D:9      | Identified the +1 leather armour of Buhei {Harm rF- Regen+
                  | rCorr}
 11691 | D:9      | Noticed Psyche
 11697 | D:9      | Killed Psyche
 11698 | D:9      | Reached skill level 10 in Spellcasting
 12317 | Lair:1   | Entered Level 1 of the Lair of Beasts
 12453 | Lair:1   | Noticed a death yak
 12453 | Lair:1   | Noticed a death yak
 12453 | Lair:1   | Noticed a death yak
 12534 | Lair:1   | Found a runed translucent door.
 12534 | Lair:1   | Noticed paps's ghost (journeyman DsGl)
 12676 | Lair:1   | Found a stormy altar of Qazlal.
 12712 | Lair:1   | Reached skill level 1 in Hexes
 13092 | Lair:1   | Killed a death yak
 13134 | Lair:1   | Killed a death yak
 13172 | Lair:1   | Killed a death yak
 13173 | Lair:1   | Reached skill level 1 in Fighting
 13173 | Lair:1   | Reached XP level 12. HP: 36/68 MP: 6/26
 13599 | Lair:1   | Killed paps's ghost
 13600 | Lair:1   | Reached skill level 5 in Air Magic
 13641 | Lair:1   | Acquired 879 gold pieces
 13674 | Lair:1   | Learned a level 6 spell: Starburst
 13748 | Lair:2   | Reached skill level 5 in Summonings
 13977 | Lair:2   | Reached skill level 11 in Spellcasting
 14003 | Lair:2   | Noticed a four-headed hydra
 14003 | Lair:2   | Noticed an eight-headed hydra
 14009 | Lair:2   | Killed a four-headed hydra
 14009 | Lair:2   | Killed an eight-headed hydra
 14322 | Lair:2   | Noticed a four-headed hydra
 14322 | Lair:2   | Noticed a skyshark
 14333 | Lair:2   | Slain by a skyshark

Illustrated notes

Levels and vault maps discovered:
D:1:      nicolae_arrival_washed_ashore, layout_basic, serial_forest,
          infiniplex_forest_side_room, infiniplex_forest_end_1,
          infiniplex_forest_end_2, infiniplex_forest_lined_corner,
          infiniplex_forest_end_double
D:2:      layout_basic, basic_ecumenical_altar, minmay_pentomino_o4,
          uniq_jessica
D:3:      layout_loops_ring
D:4:      layout_loops_corners, kennysheep_mini_moat, serial_shops, shop,
          uniq_crazy_yiuf_cottage, uniq_menkaure
D:5:      layout_rooms, mainiacjoe_overflow_concentric_impassable,
          general_overflow_altar, mainiacjoe_overflow_divided_tiny,
          serial_shops, shop, minivault_5
D:6:      layout_cave_pools, minmay_temple_entry_antechambers, enter_ossuary_5,
          uniq_prince_ribbit1
D:7:      layout_loops_ring, vehumet_altar_wand_db, enter_bailey_5, uniq_duvessa
D:8:      layout_loops_ring, lemuel_mausoleum_altar_kikubaaqudgha,
          nicolae_lava_and_water
D:9:      layout_gridville, erik_lair_dragon, uniq_psyche
Temple:   bh_familiar_temple
Lair:1:   layout_layer_cave, hellmonk_ghost_happy_afterlife,
          nicolae_quartered_pool_impasse, chequers_serial_rivers_micro_a,
          lemuel_centaur_altar
Lair:2:   layout_big_grid, minmay_shattered_shrine

Skill      XL: |  1  2  3  4  5  6  7  8  9 10 11 12 |
---------------+-------------------------------------+-----
Stealth        | 3 4 5 |  5.0
Spellcasting   | 3 4 5 6 8 9 10 11 | 11.3
Fire Magic     | 4 5 7 8 |  8.2
Shields        | 1 2 3 4 5 6 |  6.9
Conjurations   | 2 3 4 5 6 |  6.8
Necromancy     | 1 2 3 4 5 6 |  6.8
Air Magic      | 2 3 4 5 |  5.0
Summonings     | 3 4 5 |  5.4
Polearms       | 1 |  1.4
Hexes          | 1 |  1.9
Fighting       | 1 |  1.1
Long Blades    | |  0.3
Dodging        | |  2.7
Poison Magic   | |  0.8

Action                     |  1- 3 |  4- 6 |  7- 9 | 10-12 || total
---------------------------+-------+-------+-------+-------++-------
  Melee: Long sword        |    10 |    26 |     3 |       ||    39
         Constrict         |     1 |     6 |    12 |     9 ||    28
         Tentacles         |       |     5 |    13 |    20 ||    38
         Dagger            |       |       |     5 |       ||     5
         Spear             |       |       |    47 |     3 ||    50
         Punch             |       |       |     1 |     1 ||     2
         Staff             |       |       |       |    43 ||    43
   Cast: Foxfire           |    44 |    52 |   201 |   135 ||   432
         Scorch            |     1 |    16 |    29 |    87 ||   133
         Inner Flame       |       |     4 |     8 |    34 ||    46
         Flame Wave        |       |       |     5 |    29 ||    34
         Mephitic Cloud    |       |       |     6 |    23 ||    29
         Summon Small Mamm |       |       |     3 |     6 ||     9
         Summon Guardian G |       |       |     1 |    12 ||    13
         Call Canine Famil |       |       |       |     5 ||     5
         Starburst         |       |       |       |     3 ||     3
 Invoke: Unearth Wretches  |       |     1 |       |     2 ||     3
    Use: Scroll            |     3 |     5 |    11 |    16 ||    35
         Potion            |       |       |     3 |       ||     3
   Stab: Sleeping          |     3 |     5 |     3 |     1 ||    12
         Paralysed         |       |     1 |       |       ||     1
         Confused          |       |       |     1 |     1 ||     2
 Armour: Skin              |     2 |     6 |    18 |    15 ||    41
  Dodge: Dodged            |     5 |    17 |    53 |    57 ||   132
  Block: Buckler           |       |       |       |    36 ||    36

Table legend: (Time is in decaauts)
 A = Elapsed time spent in this place.
 B = Non-inter-level travel time spent in this place.
 C = Inter-level travel time spent in this place.
 D = Time resting spent in this place.
 E = Time spent auto-exploring this place.
 F = Levels seen in this place.
 G = Mean time per level.
                   A        B        C        D        E       F      G
               +--------+--------+--------+--------+--------+-----+--------+
         Total |  14364 |  13617 |    747 |   1416 |   8117 |  14 | 1026.0 |
       Dungeon |  10402 |   9692 |    710 |    530 |   6652 |   9 | 1155.8 |
        Temple |      1 |      1 |      0 |      0 |      0 |   1 |    1.0 |
          Lair |   2016 |   1980 |     36 |    285 |   1140 |   2 | 1008.0 |
       Ossuary |    321 |    321 |      0 |    142 |     42 |   1 |  321.0 |
        Bailey |   1622 |   1622 |      0 |    459 |    283 |   1 | 1622.0 |
               +--------+--------+--------+--------+--------+-----+--------+

Top non-repeatable levels by time:
  Bailey: 1622 daAuts
     D:4: 1549 daAuts
  Lair:1: 1403 daAuts
     D:9: 1302 daAuts
     D:2: 1217 daAuts
     D:1: 1197 daAuts
     D:5: 1194 daAuts
     D:8: 1123 daAuts
     D:6: 1063 daAuts
     D:7: 950 daAuts
     D:3: 805 daAuts
  Lair:2: 612 daAuts
 Ossuary: 321 daAuts
  Temple: 1 daAuts
